 Dungeon Crawl Stone Soup version 0.30-a0-760-g5a9884bb7c (webtiles) character file.

Game seed: 5208504098600970646

12852 kae the Geomancer (level 11, -5/58 HPs)
             Began as a Gargoyle Earth Elementalist on Feb 10, 2023.
             Was a Priest of Vehumet.
             Slain by a komodo dragon (18 damage)
             ... on level 1 of the Lair of Beasts.
             The game lasted 00:09:58 (12172 turns).

kae the Geomancer (Gargoyle Earth Elementalist)    Turns: 12172, Time: 00:09:59

Health: -5/58      AC: 12    Str: 11    XL:     11   Next: 99%
Magic:  0/23       EV: 11    Int: 27    God:    Vehumet [***...]
Gold:   491        SH:  0    Dex: 10    Spells: 16/26 levels left

rFire   . . .      SeeInvis +    q - staff of earth {!a}
rCold   . . .      Faith    .    (no shield)
rNeg    + . .      Spirit   +    h - +2 robe {Will+}
rPois   ∞          Reflect  .    (no helmet)
rElec   +          Harm     .    (no cloak)
rCorr   .          Rampage  .    (no gloves)
Will    +....                    (no boots)
Stlth   ++                       G - amulet of guardian spirit
HPRegen 0.29/turn                v - ring of see invisible
MPRegen 0.18/turn                I - +6 ring of intelligence

@: no status effects
A: sickness immunity, AC +8, negative energy resistance 1, electricity
resistance, torment resistance 1, petrification resistance
a: Renounce Religion


You were on level 1 of the Lair of Beasts.
You worshipped Vehumet.
Vehumet was most pleased with you.
You visited 3 branches of the dungeon, and saw 12 of its levels.

You collected 491 gold pieces.


Innate Abilities, Weirdness & Mutations

You are immune to sickness and miasma.
Your stone body is resilient. (AC +8)
You are immune to poison.
You resist negative energy. (rN+)
You are resistant to electric shocks. (rElec)
You are resistant to unholy torment.
You are immune to petrification.


   Skills:
 + Level 2.5 Fighting
 - Level 1.5 Dodging
 - Level 2.1 Stealth
 - Level 8.0 Spellcasting
 - Level 13.0 Conjurations
 - Level 0.7 Transmutations
 - Level 14.3 Earth Magic


You had 16 spell levels left.
You knew the following spells:

 Your Spells              Type           Power      Damage    Failure   Level
a - Sandblast             Erth           100%       2d20      0%          1
b - Stone Arrow           Conj/Erth      100%       3d13      1%          3
c - Passwall              Tmut/Erth      55%        N/A       1%          2
d - Petrify               Tmut/Erth      67%        N/A       2%          4

Your spell library contained the following spells:

 Spells                   Type           Power      Damage    Failure   Level
 Dazzling Flash           Conj/Hex       90%        N/A       1%          3
 Kiss of Death            Conj/Necr      100%       2d13      1%          1
 Magic Dart               Conj           100%       1d8       1%          1
 Searing Ray              Conj           100%       2d8       1%          2
 Mephitic Cloud           Conj/Pois/Air  34%        N/A       1%          3
 Fulminant Prism          Conj/Hex       22%        3d12      1%          4
 Poisonous Vapours        Pois/Air       20%        N/A       2%          2
 Slow                     Hex            40%        N/A       5%          1
 Call Imp                 Summ           10%        N/A       8%          2
 Ensorcelled Hibernation  Hex/Ice        20%        N/A       8%          2
 Confusing Touch          Hex            10%        N/A       16%         3
 Swiftness                Air            10%        N/A       16%         3
 Vampiric Draining        Necr           10%        2d6       16%         3
 Dispel Undead            Necr           10%        3d9       45%         4
 Metabolic Englaciation   Hex/Ice        5%         N/A       82%         5
 Cigotuvi's Dreadful Rot  Necr/Pois/Air  Unusable   N/A       N/A         2
 Statue Form              Tmut/Erth      Unusable   N/A       N/A         6

Inventory:

Missiles
 f - 97 stones
 r - 34 poisoned darts
 w - 7 boomerangs
 x - 9 javelins
 D - 6 curare-tipped darts {=f}
 F - a throwing net {=f!f}
Armour
 h - a +2 robe of willpower (worn)
   (You found it on level 1 of the Dungeon)
 B - +0 steam dragon scales
   (You found it on level 8 of the Dungeon)
Magical Staves
 j - a staff of death {!a}
   (You found it on level 2 of the Dungeon)
 q - a staff of earth (weapon) {!a}
   (You acquired it on level 5 of the Dungeon)
 t - a staff of poison {!a}
   (You found it on level 5 of the Dungeon)
Jewellery
 v - a ring of see invisible (left hand)
   (You found it on level 8 of the Dungeon)
 A - an amulet of the acrobat
   (You found it on level 4 of the Dungeon)
 E - a +5 ring of evasion
   (You found it on level 10 of the Dungeon)
 G - an amulet of guardian spirit (around neck)
   (You found it on level 4 of the Dungeon)
 I - a +6 ring of intelligence (right hand)
   (You found it on level 9 of the Dungeon)
 N - the ring "Vuar Eciwa" {rF+ Will- MP+9 SInv}
   (You found it on level 1 of the Lair of Beasts)

   [ring of magical power]

   rF:        It protects you from fire.
   MP:        It affects your magic capacity (+9).
   SInv:      It lets you see invisible.
   Will:      It decreases your willpower.
Wands
 y - a wand of flame (19)
   (You found it on level 7 of the Dungeon)
 H - a wand of quicksilver (10)
   (You took it off an orc warrior on level 8 of the Dungeon)
 J - a wand of iceblast (13)
   (You took it off an orc warrior on level 8 of the Dungeon)
 L - a wand of paralysis (1)
   (You took it off Amaemon on level 10 of the Dungeon)
Scrolls
 d - 6 scrolls of teleportation {@r4}
 e - 4 scrolls of enchant weapon
 l - 2 scrolls of enchant armour
 o - 2 scrolls of magic mapping {!r}
 s - 6 scrolls of identify {@r1}
 z - a scroll of immolation {!r!r}
Potions
 a - 8 potions of curing {@q1}
 b - 2 potions of lignification {!q}
 c - a potion of haste {@q3}
 g - 2 potions of attraction {!q}
 i - 5 potions of brilliance
 k - a potion of resistance
 m - 2 potions of berserk rage {!q}
 n - 2 potions of flight
 p - 4 potions of might
 u - 2 potions of ambrosia
 C - a potion of mutation {!q}
 K - a potion of degeneration {!q}
 M - a potion of magic

Dungeon Overview and Level Annotations

Branches:
Dungeon (10/15) Zot: 25157  Temple (1/1) D:7 Zot: 5790    Lair (1/5) D:10 Zot: 5579
    Orc: D:9-12

Altars:
Ashenzari
Cheibriados
Dithmenos
Elyvilon
Fedhas
Gozag
Hepliaklqana
Kikubaaqudgha
Makhleb
Nemelex Xobeh
Okawaru
Qazlal
Ru
Sif Muna
Trog
Uskayaw
Vehumet
Wu Jian
Xom
Yredelemnul
Zin
The Shining One

Annotations:
D:2 1 runed translucent door, Crazy Yiuf
D:10 2 transporters, 1 runed translucent door, Notanamesir's ghost, journeyman BaSu

................##.### #
#..............###...## ###
.....#.#......####....###..
......#..#...........#.##..
...........................
######.........##....####..
#P.##..........######.
#####...P.........#...
#@l.#.......#.....
#.†...#..#>.....#...
#....##..#....#.###.
.....###........)....
......# #.......#.....
###.##.##P.....#.#..... ..
###...#.....)....# ...
#..#....#.....## ..
####.##.....#


You could see a komodo dragon.


Message History

Press: ? - help, Shift-Dir - straight line, f/p - electric eel
Aim: an electric eel (almost dead, 76% to hit)
You feel a surge of power!
The blast of sand hits the electric eel!
You kill the electric eel!
Vehumet accepts your kill.
You feel your power returning. 😕 HP[+1]
x - 9 javelins (gained 4)
d - 6 scrolls of teleportation {@r4} (gained 1) Key pressed, stopping explore.
Casting: Sandblast (safe; 0% risk of failure)
Confirm with . or Enter, or press ? or * to list all spells.
You can't see any susceptible monsters within range! (Use Z to cast anyway.) 😎 HP[+1] MP[+2]
Your hp is fully restored (56).
Your mp is fully restored (23).
A black mamba comes into view.
The black mamba hisses angrily.
Casting: Sandblast (safe; 0% risk of failure)
Confirm with . or Enter, or press ? or * to list all spells.
Aiming: Sandblast (safe; 0% risk of failure)
Press: ? - help, Shift-Dir - straight line, f - black mamba
Aim: a black mamba (76% to hit)
You feel a surge of power!
The blast of sand hits the black mamba!!
A komodo dragon comes into view. 😎 MP[-1]
You lost 1 mp, and now have 22/23 mp.
There are monsters nearby!
There are monsters nearby!
There are monsters nearby!
Casting: Sandblast (safe; 0% risk of failure)
Confirm with . or Enter, or press ? or * to list all spells.
Aiming: Sandblast (safe; 0% risk of failure)
Press: ? - help, Shift-Dir - straight line, f/p - black mamba
Aim: a black mamba (heavily wounded, 76% to hit)
You feel a surge of power!
The blast of sand hits the black mamba!
The komodo dragon hisses angrily.
The black mamba closely misses you.
The black mamba bites you but does no damage. x2 😎 MP[-1]
You lost 1 mp, and now have 21/23 mp.
Casting: Sandblast (safe; 0% risk of failure)
Confirm with . or Enter, or press ? or * to list all spells.
Aiming: Sandblast (safe; 0% risk of failure)
Press: ? - help, Shift-Dir - straight line, f/p - black mamba
Aim: a black mamba (severely wounded, 76% to hit)
You feel a surge of power!
The blast of sand hits the black mamba.
The black mamba bites you. The black mamba barely misses you.
The komodo dragon bites you!! The black mamba bites you!
* * * LOW HITPOINT WARNING * * *
😨 HP[-30] MP[-12]
You take 30 damage, and now have 26/56 hp.
MASSIVE DAMAGE!! (PAUSE)
You lost 12 mp, and now have 9/23 mp.
Casting: Sandblast (safe; 0% risk of failure)
Confirm with . or Enter, or press ? or * to list all spells.
Aiming: Stone Arrow (safe; 1% risk of failure)
Press: ? - help, Shift-Dir - straight line, f/p - black mamba
Aim: a black mamba (almost dead, 63% to hit)
You feel a surge of power!
The stone arrow hits the black mamba!
You kill the black mamba!
Vehumet accepts your kill. The komodo dragon barely misses you.
Your Fighting skill increases to level 2! 😨 HP[+1] MP[-2]
You now have 58 max hp (+2).
You lost 2 mp, and now have 7/23 mp.
Casting: Stone Arrow (safe; 1% risk of failure)
Confirm with . or Enter, or press ? or * to list all spells.
Aiming: Stone Arrow (safe; 1% risk of failure)
Press: ? - help, Shift-Dir - straight line, f - komodo dragon
Aim: a komodo dragon (84% to hit)
You feel a surge of power!
The stone arrow hits the komodo dragon!!
The komodo dragon bites you!
* * * LOW HITPOINT WARNING * * *
😱 HP[-14] MP[-5]
You take 14 damage, and now have 13/58 hp.
MASSIVE DAMAGE!! (PAUSE)
You lost 5 mp, and now have 2/23 mp.
Casting: Stone Arrow (safe; 1% risk of failure)
Confirm with . or Enter, or press ? or * to list all spells.
Aiming: Sandblast (safe; 0% risk of failure)
Press: ? - help, Shift-Dir - straight line, f/p - komodo dragon
Aim: a komodo dragon (heavily wounded, 89% to hit)
You feel a surge of power!
The blast of sand hits the komodo dragon.
The komodo dragon bites you but does no damage. 😱 MP[-1]
You lost 1 mp, and now have 1/23 mp.
Casting: Sandblast (safe; 0% risk of failure)
Confirm with . or Enter, or press ? or * to list all spells.
Aiming: Sandblast (safe; 0% risk of failure)
Press: ? - help, Shift-Dir - straight line, f/p - komodo dragon
Aim: a komodo dragon (heavily wounded, 89% to hit)
You feel a surge of power!
The blast of sand hits the komodo dragon.
The komodo dragon bites you but does no damage.
The komodo dragon bites you!!
You die...

Skill      XL: |  1  2  3  4  5  6  7  8  9 10 11 |
---------------+----------------------------------+-----
Earth Magic    | 4 5 6 7 9 11 12 14 | 14.3
Conjurations   | 1 2 3 4 5 7 9 11 13 | 13.0
Spellcasting   | 3 4 5 6 7 8 |  8.0
Fighting       | 2 |  2.5
Dodging        | |  1.5
Stealth        | |  2.1
Transmutations | |  0.7

Action                     |  1- 3 |  4- 6 |  7- 9 | 10-12 || total
---------------------------+-------+-------+-------+-------++-------
  Melee: Unarmed           |    18 |       |       |     1 ||    19
         Staff             |       |       |       |    11 ||    11
   Cast: Sandblast         |    50 |    65 |   128 |   175 ||   418
         Stone Arrow       |       |       |    45 |    44 ||    89
  Evoke: Wand              |       |       |       |     4 ||     4
    Use: Scroll            |     5 |     2 |    11 |     7 ||    25
         Potion            |     3 |       |     3 |     2 ||     8
 Armour: Robe              |    24 |    13 |    29 |    91 ||   157
  Dodge: Dodged            |    35 |    10 |    44 |   133 ||   222

Levels and vault maps discovered:
D:1:      eino_arrival_water_cross, layout_basic, minmay_octomino_e4
D:2:      layout_basic, nicolae_ecumenical_pavilion, uniq_crazy_yiuf_cottage,
          uniq_natasha
D:3:      layout_basic, chequers_temple_overflow_statue_of_worship,
          fedhas_ov_isle_minmay, grunt_decor_cap,
          nicolae_kite_square_tiling_tiny, st_stairs_9,
          kennysheep_cross_bottleneck, minmay_misc_feat_roman,
          kennysheep_doodads, uniq_grinder, uniq_jessica, uniq_terence
D:4:      layout_rooms
D:5:      layout_loops_corners, roderic_batcave
D:6:      layout_basic, uniq_sigmund
D:7:      layout_rooms, minmay_temple_entry_junction_2
D:8:      layout_rooms, feat_on_display, uniq_prince_ribbit1
D:9:      layout_small_grid, kennysheep_small_circle
D:10:     gammafunk_boulding_lane, layout_irregular_city, lair_entry_dummy,
          ebering_ghost_reflecting_pool, grunt_ogre_cave, hive_lemuel,
          uniq_maggie, uniq_joseph
Temple:   hc_temple_tempest_star
Lair:1:   layout_misc_corridors, serial_bayou, serial_bayou_ford_a,
          serial_bayou_lake_a, serial_bayou_crossing, serial_bayou_lagoon_a,
          serial_bayou_pond_c, uniq_erica, uniq_sonja, uniq_amaemon, uniq_fannar

Notes
Turn   | Place    | Note
-------+----------+-------------------------------------------
     0 | D:1      | kae the Gargoyle Earth Elementalist began the quest for the
                  | Orb.
     0 | D:1      | Reached XP level 1. HP: 10/10 MP: 3/3
     0 | D:1      | magus.rc [v1.11.3]
   135 | D:1      | Reached skill level 4 in Earth Magic
   185 | D:1      | Reached XP level 2. HP: 15/15 MP: 3/5
   570 | D:1      | Reached XP level 3. HP: 9/19 MP: 1/6
   657 | D:1      | Learned a level 3 spell: Stone Arrow
   660 | D:1      | Learned a level 2 spell: Passwall
   974 | D:2      | Found a faded altar of an unknown god.
  1001 | D:2      | Reached skill level 1 in Conjurations
  1024 | D:2      | Noticed Natasha
  1034 | D:2      | HP: 4/19 [Natasha (2)]
  1039 | D:2      | HP: 4/19 [Natasha (6)]
  1045 | D:2      | Killed Natasha
  1046 | D:2      | Reached skill level 5 in Earth Magic
  1046 | D:2      | Reached XP level 4. HP: 17/24 MP: 0/8
  1300 | D:2      | Noticed Natasha
  1305 | D:2      | Killed Natasha
  1306 | D:2      | Reached skill level 2 in Conjurations
  1318 | D:2      | You pick up a book of Touch and begin reading...
  1318 | D:2      | You add the spells Kiss of Death, Confusing Touch and
                  | Dispel Undead to your library.
  1540 | D:2      | Reached XP level 5. HP: 28/28 MP: 6/9
  1868 | D:2      | Noticed Natasha
  1879 | D:2      | Killed Natasha
  2009 | D:2      | Found a runed translucent door.
  2010 | D:2      | Noticed Crazy Yiuf
  2251 | D:3      | Found a blossoming altar of Fedhas.
  2412 | D:3      | Noticed Grinder
  2417 | D:3      | Killed Grinder
  2418 | D:3      | Reached skill level 3 in Spellcasting
  2418 | D:3      | Reached skill level 3 in Conjurations
  2418 | D:3      | Reached skill level 6 in Earth Magic
  2418 | D:3      | Reached XP level 6. HP: 32/32 MP: 3/11
  2433 | D:3      | Noticed Jessica
  2678 | D:3      | You pick up a book of Sloth and begin reading...
  2728 | D:3      | Killed Jessica
  2729 | D:3      | Reached skill level 4 in Conjurations
  2814 | D:3      | Found an ancient bone altar of Kikubaaqudgha.
  2814 | D:3      | Found a basalt altar of Yredelemnul.
  2814 | D:3      | You fall into a shaft and drop 2 floors!
  2814 | D:5      | Entered Level 5 of the Dungeon
  2843 | D:5      | Reached XP level 7. HP: 36/36 MP: 9/12
  3061 | D:4      | Found the +7 Kryia's mail coat {PotionHeal*2 rC+}
  3196 | D:3      | Found a glowing silver altar of Zin.
  3352 | D:3      | Noticed Terence
  3364 | D:3      | Killed Terence
  3365 | D:3      | Reached skill level 7 in Earth Magic
  4095 | D:5      | Identified a scroll of acquirement
  4095 | D:5      | Acquired a staff of earth
  4234 | D:5      | HP: 8/36 [gnoll/+2 halberd of flaming[a gnoll bouda] (3)]
  4425 | D:5      | You pick up a book of Minor Magic and begin reading...
  4425 | D:5      | You add the spells Magic Dart, Call Imp and Mephitic Cloud
                  | to your library.
  4521 | D:5      | Reached skill level 5 in Conjurations
  4599 | D:5      | Reached skill level 4 in Spellcasting
  4818 | D:5      | Reached XP level 8. HP: 41/41 MP: 8/14
  4819 | D:5      | Reached skill level 8 in Earth Magic
  4915 | D:5      | Reached skill level 6 in Conjurations
  5197 | D:6      | Noticed Sigmund
  5199 | D:6      | Killed Sigmund
  5439 | D:6      | Reached skill level 9 in Earth Magic
  5522 | D:6      | Reached skill level 7 in Conjurations
  5857 | D:6      | You pick up a book of Vapours and begin reading...
  5937 | D:6      | Reached skill level 5 in Spellcasting
  5937 | D:6      | Reached XP level 9. HP: 43/45 MP: 5/16
  6566 | D:7      | Learned a level 4 spell: Petrify
  6856 | D:7      | Reached skill level 8 in Conjurations
  6856 | D:7      | Reached skill level 10 in Earth Magic
  6864 | D:7      | Found a staircase to the Ecumenical Temple.
  6888 | Temple   | Entered the Ecumenical Temple
  7081 | Temple   | Became a worshipper of Vehumet
  7217 | D:7      | You pick up a book of Burglary and begin reading...
  7217 | D:7      | You add the spells Ensorcelled Hibernation and Swiftness to
                  | your library.
  7677 | D:8      | HP: 7/45 [orc warrior/+0 scimitar (5)]
  7935 | D:8      | Reached skill level 9 in Conjurations
  7955 | D:8      | Reached skill level 11 in Earth Magic
  8121 | D:8      | You pick up a book of Conjurations and begin reading...
  8121 | D:8      | You add the spells Searing Ray and Fulminant Prism to your
                  | library.
  8174 | D:8      | Reached skill level 6 in Spellcasting
  8174 | D:8      | Reached XP level 10. HP: 42/50 MP: 9/19
  8183 | D:8      | Reached * piety under Vehumet
  8183 | D:8      | Offered knowledge of Foxfire by Vehumet.
  8190 | D:8      | HP: 9/50 [yak (7)]
  8192 | D:8      | HP: 3/50 [yak (6)]
  8534 | D:8      | Noticed Prince Ribbit
  8550 | D:8      | Reached skill level 10 in Conjurations
  8553 | D:8      | Killed Prince Ribbit
  8881 | D:9      | Reached skill level 12 in Earth Magic
  8897 | D:8      | HP: 10/50 [yak (4)]
  9802 | D:9      | Offered knowledge of Freeze by Vehumet.
  9808 | D:9      | Reached ** piety under Vehumet
  9809 | D:9      | Reached skill level 11 in Conjurations
  9813 | D:9      | Reached skill level 7 in Spellcasting
  9964 | D:10     | Entered Level 10 of the Dungeon
  9970 | D:10     | Reached XP level 11. HP: 54/54 MP: 16/21
 10061 | D:10     | Found a staircase to the Lair.
 10065 | D:10     | Noticed a two-headed ogre
 10068 | D:10     | Killed a two-headed ogre
 10069 | D:10     | Reached skill level 13 in Earth Magic
 10332 | D:10     | Noticed Maggie
 10343 | D:10     | Killed Maggie
 10576 | D:10     | HP: 11/54 [yak (7)]
 10759 | D:10     | Noticed Joseph
 10767 | D:10     | Killed Joseph
 10767 | D:10     | Offered knowledge of Dazzling Flash by Vehumet.
 10769 | D:10     | HP: 9/54 [wyvern (8)]
 10969 | D:10     | Found a transporter.
 10971 | D:10     | Found a transporter.
 10974 | D:10     | Noticed a boulder beetle
 11010 | D:10     | Reached skill level 12 in Conjurations
 11129 | D:10     | Noticed Notanamesir's ghost (journeyman BaSu)
 11130 | D:10     | Found a runed translucent door.
 11390 | Lair:1   | Entered Level 1 of the Lair of Beasts
 11533 | D:10     | Reached *** piety under Vehumet
 11658 | Lair:1   | Noticed Amaemon
 11677 | D:10     | Killed Amaemon
 11678 | D:10     | Reached skill level 14 in Earth Magic
 11815 | Lair:1   | You pick up a book of Burglary and begin reading...
 11817 | Lair:1   | Identified the ring "Vuar Eciwa" {rF+ Will- MP+9 SInv}
 11871 | Lair:1   | Noticed Sonja
 11882 | Lair:1   | Killed Sonja
 11883 | Lair:1   | Reached skill level 8 in Spellcasting
 11913 | Lair:1   | Reached skill level 13 in Conjurations
 11949 | Lair:1   | You pick up a book of Debilitation and begin reading...
 11949 | Lair:1   | You add the spells Slow and Vampiric Draining to your
                  | library.
 12120 | Lair:1   | Reached skill level 1 in Fighting
 12170 | Lair:1   | Reached skill level 2 in Fighting
 12170 | Lair:1   | HP: 13/58 [komodo dragon (15)]
 12172 | Lair:1   | Slain by a komodo dragon

Vanquished Creatures
  A two-headed ogre (D:10)
  Sonja (Lair:1)
  Amaemon (D:10)
  A black mamba (Lair:1)
  Joseph (D:10)
  An orange demon (Lair:1)
  Maggie (D:10)
  A cane toad (Lair:1)
  Grinder (D:3)
  2 trolls
  Prince Ribbit (D:8)
  5 blink frogs (Lair:1)
  Sigmund (D:6)
  3 wyverns
  17 yaks
  2 steam dragons (D:8)
  2 acid dragons
  A water moccasin (D:6)
  3 ice beasts
  4 orc warriors
  A black bear (Lair:1)
  An ogre (D:10)
  6 wolves
  2 centaurs
  5 kobold brigands
  2 bullfrogs
  A gnoll sergeant (D:6)
  5 necrophages
  2 scorpions
  3 wights (D:7)
  9 killer bees
  2 vampire bats (D:5)
  3 electric eels (Lair:1)
  4 howler monkeys
  3 hounds
  4 jellies
  4 orc priests
  2 gnoll boudas
  Jessica (D:3)
  Terence (D:3)
  An iguana (D:5)
  Natasha (thrice) (D:2)
  10 orc wizards
  15 gnolls
  4 adders
  A shadow imp (D:7)
  A white imp (D:5)
  2 ufetubi
  3 worms
  2 dart slugs
  14 orcs
  7 ball pythons
  8 endoplasms
  6 giant cockroaches
  6 goblins
  9 hobgoblins
  6 jackals
  27 kobolds
  2 quokkas
  19 bats
  5 frilled lizards
  4 rats
266 creatures vanquished.

Vanquished Creatures (others)
  A fungus (Lair:1)
  26 plants (Lair:1)
27 creatures vanquished.

Grand Total: 293 creatures vanquished

Table legend:
 A = Non-vault XP
 B = Vault XP
 C = Vault XP percentage of total XP
 D = Non-vault monster count
 E = Vault monster count
 F = Vault count percentage of total count
                 A         B        C        D         E       F
            +---------+---------+-------+---------+---------+-------
      Total |   14287 |    4074 |  22.2 |     242 |      24 |   9.0
            +---------+---------+-------+---------+---------+-------
        D:1 |      62 |       1 |   1.6 |      31 |       1 |   3.1
        D:2 |     113 |      35 |  23.6 |      22 |       1 |   4.3
        D:3 |      52 |     380 |  88.0 |      23 |       5 |  17.9
        D:4 |     126 |       0 |   0.0 |      12 |       0 |   0.0
        D:5 |     613 |     123 |  16.7 |      19 |       8 |  29.6
        D:6 |     769 |     214 |  21.8 |      14 |       1 |   6.7
        D:7 |     961 |       0 |   0.0 |      17 |       0 |   0.0
        D:8 |    3053 |     286 |   8.6 |      30 |       1 |   3.2
        D:9 |    2335 |     100 |   4.1 |      25 |       1 |   3.8
       D:10 |    3616 |    1730 |  32.4 |      36 |       4 |  10.0
     Lair:1 |    2587 |    1205 |  31.8 |      13 |       2 |  13.3
            +---------+---------+-------+---------+---------+-------

Illustrated notes

Table legend:
 A = Kills in this place as a percentage of kills in entire the game.
 B = Kills by you in this place as a percentage of kills by you in the entire game.
 C = Kills by friends in this place as a percentage of kills by friends in the entire game.
 D = Other kills in this place as a percentage of other kills in the entire game.
 E = Experience gained in this place as a percentage of experience gained in the entire game.
 F = Experience gained in this place divided by the number of levels of this place that you have seen.
                   A       B       C       D       E      F
               +-------+-------+-------+-------+-------+----------------------
         Total | 100.0 | 100.0 |   N/A |   N/A | 100.0 | 1530.1
       Dungeon |  94.4 |  94.4 |   N/A |   N/A |  79.3 | 1456.9
          Lair |   5.6 |   5.6 |   N/A |   N/A |  20.7 | 3792.0
               +-------+-------+-------+-------+-------+----------------------

Table legend: (Time is in decaauts)
 A = Elapsed time spent in this place.
 B = Non-inter-level travel time spent in this place.
 C = Inter-level travel time spent in this place.
 D = Time resting spent in this place.
 E = Time spent auto-exploring this place.
 F = Levels seen in this place.
 G = Mean time per level.
                   A        B        C        D        E       F      G
               +--------+--------+--------+--------+--------+-----+--------+
         Total |  12385 |  12100 |    285 |   1099 |   9483 |  12 | 1032.1 |
       Dungeon |  11756 |  11511 |    245 |   1091 |   9005 |  10 | 1175.6 |
        Temple |    209 |    172 |     37 |      0 |    159 |   1 |  209.0 |
          Lair |    418 |    416 |      2 |      8 |    319 |   1 |  418.0 |
               +--------+--------+--------+--------+--------+-----+--------+

Top non-repeatable levels by time:
    D:10: 1842 daAuts
     D:8: 1519 daAuts
     D:6: 1505 daAuts
     D:3: 1254 daAuts
     D:2: 1206 daAuts
     D:5: 1125 daAuts
     D:9: 1004 daAuts
     D:1: 993 daAuts
     D:7: 729 daAuts
     D:4: 575 daAuts
  Lair:1: 418 daAuts
  Temple: 209 daAuts
